 Dungeon Crawl Stone Soup version 0.30.1-10-g1249ef9ec4 (webtiles) character file.

Game seed: 1616985890271703326

89 lonewolfV2 the Covered (level 4, 0/35 HPs)
             Began as a Demonspawn Fighter on Oct 26, 2023.
             Slain by an orc wizard
             ... wielding a +0 dagger
              (1 damage)
             ... on level 6 of the Dungeon.
             The game lasted 00:03:36 (1797 turns).

lonewolfV2 the Covered (Demonspawn Fighter)         Turns: 1797, Time: 00:03:36

Health: 0/35       AC:  3    Str: 19    XL:     4   Next: 31%
Magic:  4/4        EV:  9    Int:  9    God:
Gold:   124        SH:  5    Dex: 18    Spells: 3/3 levels left

rFire   . . .        a - +0 war axe
rCold   . . .        c - +0 buckler
rNeg    . . .        l - +2 chain mail {rPois}
rPois   +            (no helmet)
rElec   .            (no cloak)
rCorr   .            (no gloves)
SInv    .            (no boots)
Will    .....        (no amulet) Stlth
                     k - +6 ring of dexterity
HPRegen 0.25/turn    (no ring)
MPRegen 0.09/turn

%: no passive effects
@: corroded, studying Fire Magic
A: powered by death 2, weakness stinger 1
a: no special abilities


You were on level 6 of the Dungeon.
You visited 1 branch of the dungeon, and saw 4 of its levels.

You collected 124 gold pieces.

Inventory:

Hand Weapons
 a - a +0 war axe (weapon)
Armour
 c - a +0 buckler (worn)
 l - a +2 chain mail of poison resistance (worn)
Jewellery
 k - a +6 ring of dexterity (left hand)
 m - an amulet of guardian spirit
Scrolls
 b - a scroll of identify
 e - a scroll of enchant weapon
 g - a scroll of teleportation
 i - a scroll of magic mapping {unknown}
 j - a scroll of enchant armour
 o - a scroll of blinking {unknown}
 p - a scroll of fear {unknown}
Potions
 d - 2 potions of might
 f - a potion of curing
 h - a potion of lignification
 n - a potion of berserk rage {unknown}


   Skills:
 - Level 3.0 Fighting
 - Level 1.7 Axes
 + Level 3.4 Armour
 * Level 2.9 Dodging
 - Level 2.6 Shields


You had 3 spell levels left.
You didn't know any spells.
Your spell library was empty.

Dungeon Overview and Level Annotations

Branches:
Dungeon (6/15)
 Temple: D:4-7

Altars:

Shops:
D:6 :?


Innate Abilities, Weirdness & Mutations

You regenerate health from kills.
You have a small tail.


Message History

The orc shouts!
You see here 19 gold pieces.
You hit the orc priest.
The orc priest is lightly wounded.
The orc priest looks braver for a moment.
You hit the orc priest. You tail-slap the orc priest.
The orc priest is heavily wounded.
You barely miss the orc wizard.
Your tail-slap misses the orc wizard.
You hit the orc but do no damage. The orc closely misses you.
The orc hits you with a +0 mace.
The orc wizard hits you but does no damage.
You closely miss the orc wizard. You tail-slap the orc wizard.
The orc wizard is lightly wounded.
You closely miss the orc priest. You hit the orc. You block the orc's attack.
The orc priest hits you but does no damage.
The orc wizard hits you but does no damage.
You hit the orc wizard.
The orc wizard is lightly wounded.
You barely miss the orc. You hit the jelly.
Your hands burn!
You hit the orc priest but do no damage.
The orc barely misses you.
The orc priest hits you but does no damage.
The orc wizard barely misses you. The jelly hits you.
You are splashed with acid!
The jelly hits you. The acid corrodes you!
You are splashed with acid!
You block the orc wizard's attack. The orc priest closely misses you.
You feel better. The orc hits you with a +0 mace. The jelly barely misses you.
The orc priest closely misses you.
The orc wizard hits you but does no damage.
You hit the jelly. The acid corrodes you!
Your hands burn!
The jelly is moderately wounded.
You barely miss the orc wizard. You hit the orc priest.
You closely miss the orc. x2; The orc hits you with a +0 mace.
The orc hits you with a +0 club. The jelly hits you.
You are splashed with acid!
* * * LOW HITPOINT WARNING * * *
The orc priest hits you with a +0 flail.
* * * LOW HITPOINT WARNING * * *
The orc wizard hits you with a +0 dagger.
You die...

#...... #.....
##..∩. #######<...
#.......>. .
....#...# ...
##.ooJ##
.#..#>.o@o$## .
........$∩..#....
..........$........
#......##.......>..
#...... ##.......$.
....... #.........
...###. ##...###..
..# .. #..## . ..
.# #$.#


You could see a jelly, an orc priest, an orc wizard and 2 orcs.

Vanquished Creatures
  3 adders
  3 worms (D:2)
  A dart slug (D:2)
  An orc (D:3)
  2 ball pythons
  5 bats
  4 endoplasms
  A giant cockroach (D:3)
  6 goblins
  3 hobgoblins
  3 jackals (D:1)
  2 quokkas
  5 frilled lizards
  4 kobolds
  7 rats
50 creatures vanquished.

Notes
Turn   | Place    | Note
-------+----------+-------------------------------------------
     0 | D:1      | lonewolfV2 the Demonspawn Fighter began the quest for the
                  | Orb.
     0 | D:1      | Reached XP level 1. HP: 18/18 MP: 1/1
   125 | D:1      | Reached skill level 1 in Dodging
   149 | D:1      | Found a faded altar of an unknown god.
   162 | D:1      | Gained mutation: You regenerate a little health from kills.
                  | [demonic ancestry]
   162 | D:1      | Reached XP level 2. HP: 23/24 MP: 2/2
   757 | D:2      | Gained mutation: You have a small tail. [demonic ancestry]
   757 | D:2      | Reached XP level 3. HP: 29/29 MP: 3/3
  1384 | D:3      | Gained mutation: You regenerate health from kills. [demonic
                  | ancestry]
  1384 | D:3      | Reached XP level 4. HP: 35/35 MP: 4/4
  1775 | D:3      | You fall into a shaft and drop 3 floors!
  1775 | D:6      | Found Vuxkirut's Book Shoppe.
  1781 | D:6      | Found Venott's Magic Scroll Shoppe.
  1797 | D:6      | HP: 1/35 [orc priest/+0 flail (5)]
  1797 | D:6      | Slain by an orc wizard

Illustrated notes

Levels and vault maps discovered:
D:1:      sevenhm_arrival_forest_fort_small_4, layout_loops_ring,
          dreamdust_ecumenical_altar_grove
D:2:      layout_rooms
D:3:      layout_basic, minivault_14
D:6:      layout_layer_cave, serial_shops, shop_coins, shop, shop, shop_statue,
          nicolae_shop_getting_attention, nicolae_nh_oracle_at_delphi,
          uniq_pikel

Skill      XL: |  1  2 |
---------------+-------+-----
Dodging        | 1 2 |  2.9
Armour         | 3 |  3.4
Fighting       | |  3.0
Axes           | |  1.7
Shields        | |  2.6

Action                     |  1- 3 |  4- 6 || total
---------------------------+-------+-------++-------
  Melee: War axe           |   103 |    32 ||   135
         Tailslap          |     5 |     6 ||    11
    Use: Potion            |     1 |     1 ||     2
         Scroll            |     8 |       ||     8
 Armour: Scale mail        |    26 |       ||    26
         Chain mail        |    39 |    27 ||    66
  Dodge: Dodged            |    43 |    20 ||    63
  Block: Buckler           |    27 |    10 ||    37
